 Dungeon Crawl Stone Soup version 0.27-a0-1565-gad902ab807 (webtiles) character file.

Game seed: 17061944214618803441

28664 Leszczynek the Impaler (level 13, -30/142 HPs)
             Began as a Human Gladiator on July 16, 2021.
             Was a High Priest of Trog.
             Annihilated by Rupert (41 damage)
             ... on level 3 of the Lair of Beasts.
             The game lasted 01:03:45 (7436 turns).

Leszczynek the Impaler (Human Gladiator)            Turns: 7436, Time: 01:03:45

Health: -30/142    AC: 16    Str: 19    XL:     13   Next: 75%
Magic:  0/13       EV: 16    Int:  8    God:    Trog [*****.]
Gold:   881        SH:  0    Dex: 17    Spells: 12/12 levels left

rFire    + . .     SeeInvis +   a - +12 glaive of Prune {vorpal}
rCold    . . .     Faith    .   (shield currently unavailable)
rNeg     . . .     Spirit   +   k - +1 ring mail {rF+}
rPois    +         Reflect  .   c - +0 helmet
rElec    .         Harm     .   J - +0 cloak
rCorr    .         Rampage  .   q - +2 pair of gloves
Will     ++...                  (no boots)
Stlth    ..........             z - amulet of guardian spirit
HPRegen  1.33/turn              E - ring of poison resistance
MPRegen  0.13/turn              K - ring of the Octopus King {Wiz AC+1 EV+1 Str+1 Int+1 Dex+1}

@: berserking, strong-willed, regenerating, very quick
A: iridescent scales 1, see invisible, dopey 1, frail 1
a: Renounce Religion, Berserk, Trog's Hand, Brothers in Arms


You were on level 3 of the Lair of Beasts.
You worshipped Trog.
Trog was extremely pleased with you.
You visited 4 branches of the dungeon, and saw 20 of its levels.

You collected 1186 gold pieces.
You spent 305 gold pieces at shops.

Inventory:

Hand Weapons
 a - the +12 glaive of Prune (weapon) {vorpal}
   (You found it on level 4 of the Dungeon)

   It inflicts extra damage upon your enemies.
 b - a +2 hunting sling of freezing
 f - a +0 broad axe
 x - a +4 trident of freezing
Missiles
 d - 7 throwing nets
 e - 87 sling bullets
 h - 106 stones
 j - 2 javelins
 l - 88 poisoned darts
 w - 7 curare-tipped darts (quivered)
 A - 8 silver boomerangs
 I - 26 boomerangs
Armour
 c - a +0 helmet (worn)
 k - a +1 ring mail of fire resistance (worn)
 q - a +2 pair of gloves (worn)
 J - a +0 cloak (worn)
Jewellery
 z - an amulet of guardian spirit (around neck)
 E - a ring of poison resistance (left hand)
 K - a ring of the Octopus King (right hand) {Wiz AC+1 EV+1 Str+1 Int+1 Dex+1}
   (You bought it in a shop on level 2 of the Orcish Mines)

   [ring of wizardry]

   It improves your spell success rate.
   AC:        It affects your AC (+1).
   EV:        It affects your evasion (+1).
   Str:       It affects your strength (+1).
   Int:       It affects your intelligence (+1).
   Dex:       It affects your dexterity (+1).
Wands
 y - a wand of charming (13)
 F - a wand of acid (4)
Scrolls
 g - 2 scrolls of immolation {!r}
 m - 2 scrolls of fog
 p - 2 scrolls of fear
 s - a scroll of teleportation {unknown}
 t - a scroll of blinking
 u - 2 scrolls of enchant armour {unknown}
 G - 2 scrolls of enchant weapon {unknown}
 L - a scroll of magic mapping
Potions
 i - 5 potions of curing {@q1}
 n - a potion of lignification {unknown}
 o - 4 potions of haste
 r - 2 potions of ambrosia
 v - 2 potions of attraction
 B - a potion of flight {unknown}
 C - a potion of might {unknown}
 H - 2 potions of cancellation {unknown}
Miscellaneous
 D - a phial of floods


   Skills:
 + Level 11.4 Fighting
 - Level 5.6(11.7) Axes
 * Level 15.5(15.9) Polearms
 - Level 2.0 Throwing
 - Level 6.0 Armour
 + Level 7.8 Dodging


You had 12 spell levels left.
You didn't know any spells.
Your spell library contained the following spells:

 Spells                   Type           Power      Damage    Failure   Level
 Magic Dart               Conj           0%         1d3       26%         1
 Corpse Rot               Necr/Air       N/A        N/A       38%         2
 Searing Ray              Conj           0%         3d3       38%         2
 Sublimation of Blood     Necr           0%         N/A       38%         2
 Animate Armour           Summ/Erth      0%         N/A       93%         4
 Dispel Undead            Necr           0%         3d6       93%         4
 Fulminant Prism          Conj/Hex       0%         3d6       93%         4
 Petrify                  Tmut/Erth      0%         N/A       93%         4
 Blade Hands              Tmut           0%         N/A       99%         5
 Irradiate                Conj/Tmut      0%         3d13      99%         5
 Death Channel            Necr           0%         N/A       100%        6
 Iron Shot                Conj/Erth      0%         9d1       100%        6


Dungeon Overview and Level Annotations

Branches:
Dungeon (14/15)            Temple (1/1) D:5            Lair (3/6) D:9
  Snake (0/4) Lair:3          Orc (2/2) D:10            Elf (0/3) Orc:2
  Swamp: Lair:2-4    Shoals: Lair:2-4    Vaults: D:13-14

Altars:
Cheibriados
Dithmenos
Elyvilon
Gozag
Kikubaaqudgha
Makhleb
Nemelex Xobeh
Okawaru
Qazlal
Sif Muna
Trog
Vehumet
Wu Jian
Yredelemnul
Zin
The Shining One
Beogh

Shops:
Orc:1 (   Orc:2 :*(

Annotations:
D:10 orc
Lair:3 Rupert
Orc:1 2 transporters


Innate Abilities, Weirdness & Mutations

You are partially covered in iridescent scales. (AC +2)
You have supernaturally acute eyesight. (SInv)
You are dopey. (Int -2)
You are frail. (-10% HP)


Message History

Trog accepts your kill.
Rupert shouts!
You see here a wolf corpse.
Unknown command.
Your skin crawls.
You feel strong-willed.
Things that are here:
a yak corpse; a yak corpse
Aiming: Corrosive Bolt
Press: ? - help, Shift-Dir - straight line, f - Rupert
Aim: Rupert, wielding a +3 great mace of holy wrath and wearing a +0 scale mail (75% to hit)
The bolt of acid hits Rupert!
Rupert is splashed with acid.
The acid corrodes Rupert!
Rupert is lightly wounded.
Rupert roars madly and goes into a rage!
Rupert goes berserk!
A red film seems to cover your vision as you go berserk!
You feel yourself moving faster!
You feel mighty!
Rupert hits you with a +3 great mace of holy wrath!!
Reach: a) +12 glaive of Prune {vorpal}
Press: ? - help, Dir - move target, f/p - Rupert
Aim: Rupert, wielding a +3 great mace of holy wrath and wearing a +0 scale mail (lightly wounded, berserk, covered in acid, about 22% to evade the +12 glaive of Prune)
Okay, then.
You slice Rupert!!
Rupert is moderately wounded.
Rupert closely misses you.
You slice Rupert!!
Rupert is heavily wounded.
Rupert misses you.
You slash Rupert!
Rupert is heavily wounded.
Rupert hits you with a +3 great mace of holy wrath!!!
You slash Rupert!
Rupert is severely wounded.
You slice Rupert like a ripe choko!!!
Rupert is almost dead.
Rupert hits you with a +3 great mace of holy wrath!!!
* * * LOW HITPOINT WARNING * * *
Rupert hits you with a +3 great mace of holy wrath!!!
You die...

##......^.#.#..
##...#.##.....#
#....####.#...#
##...## #####.#
##..### #...
#..## #...
##.P# ##..
##†.## ##.
###.@## ##
#P.@#.# #
#.†###.. #
#.#.# .... #
#.. #.. .....
P...
...............
##.#.
.............#
.#..
...........[.#
.. ..
.@..@.......# #


You could see Rupert (berserk, corroded).

Vanquished Creatures
  A hydra (Lair:1)
  2 centaur warriors
  Harold (D:8)
  A two-headed ogre (D:10)
  An orc high priest (Orc:1)
  Pikel (D:6)
  3 orc knights
  An orc sorcerer (Orc:1)
  3 manticores
  A cyclops (Orc:2)
  5 black mambas
  2 cane toads (Lair:2)
  2 unseen horrors (D:12)
  A komodo dragon (D:9)
  2 kobold demonologists
  3 trolls
  Prince Ribbit (D:5)
  A meliai zombie (D:10)
  Grinder (D:5)
  3 shadows
  2 wraiths
  A vampire (D:7)
  A wyvern (D:9)
  30 yaks
  A steam dragon (D:9)
  3 basilisks
  2 vampire mosquitoes (D:14)
  5 water moccasins
  30 orc warriors
  2 sky beasts (D:7)
  A black bear (Lair:1)
  A necrophage (D:8)
  7 ogres
  8 wolves
  20 centaurs
  2 lemures
  8 kobold brigands
  5 bullfrogs
  2 scorpions
  2 gnoll sergeants
  5 killer bees
  9 wights
  3 electric eels (D:10)
  6 howler monkeys
  2 jellies (D:7)
  8 centaur zombies
  A bullfrog skeleton (D:5)
  13 orc priests
  Terence (D:3)
  19 orc wizards
  2 iguanas
  A killer bee zombie (D:9)
  12 gnolls
  3 adders
  3 shadow imps
  2 white imps
  An ufetubus (D:7)
  A worm (D:5)
  A dart slug (D:1)
  66 orcs
  2 ball pythons
  3 bats
  5 endoplasms
  6 goblins
  3 hobgoblins
  20 kobolds
  3 quokkas
  A frilled lizard (D:2)
  3 rats
374 creatures vanquished.

Vanquished Creatures (others)
  4 fungi
  11 plants
15 creatures vanquished.

Grand Total: 389 creatures vanquished

Notes
Turn   | Place    | Note
-------+----------+-------------------------------------------
     0 | D:1      | Leszczynek the Human Gladiator began the quest for the Orb.
     0 | D:1      | Reached XP level 1. HP: 16/16 MP: 1/1
    73 | D:1      | Found a faded altar of an unknown god.
    90 | D:1      | Became a worshipper of Trog the Wrathful
    90 | D:1      | Reached * piety under Trog
    91 | D:1      | deja vu
   107 | D:2      | Reached XP level 2. HP: 22/22 MP: 2/2
   160 | D:1      | Reached skill level 4 in Axes
   160 | D:1      | Reached XP level 3. HP: 15/27 MP: 3/3
   324 | D:2      | the fuck is this layout
   437 | D:3      | Noticed Terence
   447 | D:3      | Killed Terence
   448 | D:3      | Reached XP level 4. HP: 33/33 MP: 4/4
   512 | D:3      | Reached skill level 5 in Axes
   515 | D:3      | Reached XP level 5. HP: 32/38 MP: 5/5
   522 | D:3      | Reached ** piety under Trog
   619 | D:4      | Noticed a necrophage
   620 | D:4      | Noticed an ogre
   801 | D:4      | Found the +12 glaive of Prune {vorpal}
   801 | D:4      | hmmmmmmmmmmmmmmmmmmmmmmmmmmmmmmmmmmmmmmmmmmm?
   831 | D:4      | Reached skill level 3 in Fighting
   832 | D:4      | Reached XP level 6. HP: 35/47 MP: 6/6
   870 | D:4      | Killed an ogre
   871 | D:4      | Reached skill level 4 in Fighting
   941 | D:4      | Noticed an ogre
   946 | D:4      | Killed an ogre
   947 | D:4      | Reached skill level 1 in Polearms
   965 | D:5      | Entered Level 5 of the Dungeon
  1035 | D:5      | Noticed Prince Ribbit
  1054 | D:5      | Reached skill level 2 in Polearms
  1054 | D:5      | Reached XP level 7. HP: 47/55 MP: 7/7
  1238 | D:5      | Found a staircase to the Ecumenical Temple.
  1248 | Temple   | Entered the Ecumenical Temple
  1314 | D:5      | Killed Prince Ribbit
  1315 | D:5      | Reached skill level 5 in Fighting
  1315 | D:5      | Reached skill level 3 in Polearms
  1342 | D:6      | Noticed Pikel
  1366 | D:6      | Killed Pikel
  1367 | D:6      | Reached skill level 6 in Fighting
  1367 | D:6      | Reached skill level 5 in Polearms
  1367 | D:6      | Reached XP level 8. HP: 64/64 MP: 8/8
  1398 | D:5      | Noticed Grinder
  1410 | D:5      | Killed Grinder
  1411 | D:5      | Reached skill level 6 in Polearms
  1515 | D:6      | man, this character will really mess with my threat
                  | assessment
  1571 | D:7      | Noticed a vampire
  1595 | D:7      | Reached XP level 9. HP: 71/71 MP: 9/9
  1600 | D:7      | Reached skill level 7 in Polearms
  1720 | D:7      | Reached skill level 7 in Fighting
  1733 | D:7      | Reached skill level 8 in Polearms
  1898 | D:7      | Reached skill level 9 in Polearms
  1917 | D:7      | Reached *** piety under Trog
  2060 | D:8      | Reached XP level 10. HP: 77/79 MP: 10/10
  2206 | D:8      | Reached skill level 10 in Polearms
  2427 | D:10     | Entered Level 10 of the Dungeon
  2437 | D:10     | Noticed a kobold demonologist
  2439 | D:10     | Noticed a rust devil
  2499 | D:8      | Reached skill level 11 in Polearms
  2529 | D:8      | Noticed Harold
  2545 | D:8      | Killed Harold
  2646 | D:9      | Reached skill level 8 in Fighting
  2665 | D:9      | Reached skill level 4 in Dodging
  2669 | D:9      | Reached **** piety under Trog
  2749 | D:9      | Found a staircase to the Lair.
  2750 | D:9      | Noticed a komodo dragon
  2784 | D:9      | Killed a komodo dragon
  2936 | D:9      | was this a mistake?
  2971 | D:9      | Reached skill level 9 in Fighting
  3009 | D:9      | Reached skill level 5 in Dodging
  3032 | D:9      | Reached XP level 11. HP: 61/89 MP: 11/11
  3355 | D:10     | Noticed a two-headed ogre
  3365 | D:10     | Killed a two-headed ogre
  3366 | D:10     | Reached skill level 3 in Armour
  3576 | D:12     | uhhh
  3664 | D:11     | Reached skill level 12 in Polearms
  3758 | D:12     | Noticed a sun demon
  3789 | D:12     | Noticed a manticore
  3803 | D:12     | Killed a manticore
  3855 | D:12     | Identified the +8 quarterstaff "Miotoin" {pain, rN+ Int+4}
  3856 | D:12     | :(
  3943 | D:12     | Reached skill level 10 in Fighting
  4317 | D:14     | Noticed a manticore
  4330 | D:14     | Killed a manticore
  4383 | D:14     | Noticed a centaur warrior
  4401 | D:14     | Killed a centaur warrior
  4402 | D:14     | Reached XP level 12. HP: 56/97 MP: 2/12
  4491 | D:13     | Noticed a centaur warrior
  4493 | D:13     | HP: 11/97 [centaur warrior/arrow (16)]
  4501 | D:13     | Gained mutation: You are partially covered in iridescent
                  | scales. (AC +2) [potion of mutation]
  4501 | D:13     | Gained mutation: You are frail. (-10% HP) [potion of
                  | mutation]
  4501 | D:13     | Gained mutation: You are dopey. (Int -2) [potion of
                  | mutation]
  4501 | D:13     | Gained mutation: You have supernaturally acute eyesight.
                  | (SInv) [potion of mutation]
  4510 | D:13     | Killed a centaur warrior
  4511 | D:13     | Reached skill level 13 in Polearms
  4511 | D:13     | Reached skill level 6 in Dodging
  4868 | D:10     | Noticed a soul eater
  4872 | D:10     | Noticed a sixfirhy
  4923 | D:10     | Found an ornate altar of the Wu Jian Council.
  5266 | D:10     | Found a staircase to the Orcish Mines.
  5282 | Orc:1    | Entered Level 1 of the Orcish Mines
  5330 | Orc:1    | Reached skill level 7 in Dodging
  5427 | Orc:1    | Noticed a stone giant
  5431 | Orc:1    | Found Bathrag's Antique Weapon Boutique.
  5514 | Orc:2    | Entered Level 2 of the Orcish Mines
  5514 | Orc:2    | Found a staircase to the Elven Halls.
  5670 | Orc:1    | Noticed an orc high priest
  5682 | Orc:1    | Noticed a sixfirhy
  5683 | Orc:1    | Noticed a soul eater
  5689 | Orc:1    | Killed an orc high priest
  5690 | Orc:1    | Reached skill level 14 in Polearms
  5772 | Orc:1    | Noticed a sixfirhy
  5871 | Orc:1    | Found a transporter.
  5872 | Orc:1    | Found a transporter.
  5953 | Orc:2    | fuck
  5966 | Orc:2    | josephine up north
  5972 | Orc:2    | i also don't like the shape of this vault
  5972 | Orc:2    | might be a launcher one
  6191 | Orc:2    | Reached XP level 13. HP: 61/93 MP: 8/13
  6351 | Orc:2    | Found Doilod's Assorted Antiques.
  6351 | Orc:2    | Found Koerch's Antique Armour Boutique.
  6353 | Orc:2    | Found Anudgh's Book Shop.
  6355 | Orc:2    | Found Vaed Faph's Weapon Shoppe.
  6360 | Orc:2    | antique armor shop is a mimic :(
  6365 | Orc:2    | ugh
  6367 | Orc:2    | Bought a glowing silvery potion for 25 gold pieces
  6367 | Orc:2    | Bought a scroll labelled QOEQANN IHUTZ for 28 gold pieces
  6367 | Orc:2    | Bought a scroll of identify for 56 gold pieces
  6367 | Orc:2    | Bought a scroll of identify for 56 gold pieces
  6367 | Orc:2    | Bought a ring of the Octopus King for 140 gold pieces
  6367 | Orc:2    | Found the ring of the Octopus King {Wiz AC+1 EV+1 Str+1
                  | Int+1 Dex+1}
  6367 | Orc:2    | Found the ring of the Octopus King {Wiz AC+1 EV+1 Str+1
                  | Int+1 Dex+1}
  6485 | Orc:2    | Reached skill level 11 in Fighting
  6579 | D:10     | Reached skill level 4 in Armour
  6601 | D:10     | Reached skill level 5 in Armour
  6614 | D:10     | Found an opulent altar of Gozag.
  6614 | D:10     | Found a sparkling altar of Nemelex Xobeh.
  6614 | D:10     | Found an iron altar of Okawaru.
  6664 | Lair:1   | Entered Level 1 of the Lair of Beasts
  6664 | Lair:1   | Noticed a five-headed hydra
  6665 | Lair:1   | oh, right, these
  6747 | Lair:1   | Killed a five-headed hydra
  6835 | Lair:2   | Reached skill level 6 in Armour
  6835 | Lair:2   | Reached skill level 15 in Polearms
  6899 | Lair:2   | Reached ***** piety under Trog
  7064 | Lair:3   | Found a staircase to the Snake Pit.
  7192 | Lair:2   | Received a gift from Trog
  7301 | Lair:3   | Noticed Rupert
  7436 | Lair:3   | HP: 11/142 [Rupert (38)]
  7436 | Lair:3   | Annihilated by Rupert

Illustrated notes ######### #.......# #.......# #.......###### #..@......... #........###### #......#......# # #.###....####.# .# # #.###.#.## #.##.#.# #.......#####....#.# ###............#.... #......####....... #.#.#..# #....... Turn 91 on D:1: deja vu #.# #.# #.# #.# #.# #.# #.# ####.# #.@..# #...#### #.## # Turn 324 on D:2: the fuck is this layout #.# #............. #.# #.#........... #.# #............. #.# #....#.......... #.# #.#.###...#...## #.##..#. ##..# .## #.##. .. ##.# # #.# #. #.## #.@# ....K.....$.... .).#####....... . ####... .. Turn 801 on D:4: hmmmmmmmmmmmmmmmmmmmmmmmmmmmmmmmmmmmmmmmmmmm? #####....# ####........# #...........# #...........# #...........# #...........# # #........##.####.# #.###................# #.....@...........### #####.............# #....##........### #....+.........'.# #....##........#.# #######........#.# #........#.# #........#.# #.########.# Turn 1515 on D:6: man, this character will really mess with my threat assessment ## ##..# Z.. #. ...# ..#. ##. .... #.### #.. ..##.h.#. ##. ..'..#WW. #. #.'.###"# #. #.'..#W.Z #. #@# #. #.# ## #####.### #.......## ### #.###.##.# ##.### #.##.### #.#... #.##.#.## ##.### #.......#### #.# ####.#.#.#.###.# Turn 2936 on D:9: was this a mistake? #.......# #.......# #.......# #.......# #.......# #...<...# #.....<.# #.##.##'######. .......@....... ............... ............... ............... ............... ............... ............... ..##.....###... Turn 3576 on D:12: uhhh ############## #!...........##### #............#...# #............#...# #............'...# #............#...# #....@.......#...# #............#.### ##############.####### #........... #........... #...>....... #........... #........... #........... Turn 3856 on D:12: :( .#. ...#.. . .W ...... ... .####...... ...##.......... ............. #........#.. ..#.........# . ..........@.## ... . ............###.... ...#......#.......... ...#................. .......#.[..#....... . #................. .. ##....<............ #..##....)))........... ............<..)......... Turn 5953 on Orc:2: fuck #........#.. ..#.........# . ............## ... . ............###.... ...#......#.......... ...#................. .......#.[..#....... . #................. .. ##....@............ #..##....)))........... ............<..)......... ..............#.......... .......#.................. ........#................ ...............>........ ....#.................. .#...#..#.......#..... Turn 5966 on Orc:2: josephine up north .. .......#.[..#...... ... #................ .... ##....<........... .##..##....))).......... ............<..)........ ..............#......... .......#................. ........#................ ........@......>........ ....#.................. .#...#..#.......#..... .......(..)..####.... ..$....#.<.)## .. ............# ..#......#.## #......### .....##.## Turn 5972 on Orc:2: i also don't like the shape of this vault ,,,,,,,,,,,,,,,*,,,,,,,,,,,,,,,*, ,,,,,,,,,,,,,,,,,,,,,,,,,,,,,,**, ,,,,,,,,,,,,,,,,,,,,,,,,,,,,,,,,, ,,,,,,,,,,,,,,,,,,,,,,,,,,,,,,,,, ,,##..##..##...#**,,,**,,**,,**,. .##..........≈≈# *≈≈,,,,,,,,,,**. .#..........≈≈≈* *≈≈≈,,,,,,,,,,*. ..........≈≈≈≈*###*≈≈≈≈,,,,,,,,,. .#......≈≈≈≈#*##@##**≈≈≈≈,,,,,,#. .#.....≈≈≈≈####...####≈≈≈≈,,,..#. .......................,,,,,,.... ................∩......,,,,,..... .#.....≈≈≈≈####...####≈≈≈≈,,...#. .#......≈≈≈≈####∩####≈≈≈≈......#. ..........≈≈≈≈#####≈≈≈≈,......... )#).........≈≈≈# #≈≈≈.,.....,,,#. .##..........≈≈# #≈≈..,......,##. Turn 6360 on Orc:2: antique armor shop is a mimic

:( .##..........≈≈#
*≈≈,,,,,,,,,,**. .#..........≈≈≈*
*≈≈≈,,,,,,,,,,*.
..........≈≈≈≈*###*≈≈≈≈,,,,,,,,,.
.#......≈≈≈≈#*##∩##**≈≈≈≈,,,,,,#.
.#.....≈≈≈≈####...####≈≈≈≈,,,..#.
........................,,,,,....
................∩.......,,,,.....
.#.....≈≈≈≈####...####≈≈≈≈,,...#.
.#......≈≈≈≈####@####≈≈≈≈......#.
..........≈≈≈≈#####≈≈≈≈,.........
)#).........≈≈≈# #≈≈≈.,.....,,,#.
.##..........≈≈# #≈≈..,......,##.
.)##..##..##...###...##..##..##..
.................................
#................................
.#####........................#..
#* #..........................#.


Turn 6365 on Orc:2: ugh ............... .....≈≈≈≈D≈.... ....≈≈≈≈≈≈≈....
...≈≈≈≈≈≈≈≈≈... ....≈≈≈≈≈≈≈≈≈.. ....≈≈≈≈≈≈≈≈≈.. ....≈≈≈≈≈≈≈≈≈.# #..≈.@..≈≈≈..
##........... #............ #............ #...#......... ....#.........# ....
..#......# ... .#. ....... Turn 6665 on Lair:1: oh, right, these

Levels and vault maps discovered:
D:1:      saegor_arrival_miasma, layout_loops_ring,
          ebering_ecumenical_altar_sacrificial
D:2:      layout_rooms
D:3:      layout_basic, minmay_misc_feat_encased, minmay_liquid_box,
          minmay_crystal_room, uniq_terence, uniq_crazy_yiuf_cottage, uniq_robin
D:4:      layout_rooms
D:5:      layout_basic, minmay_temple_entry_trees, uniq_grinder,
          uniq_prince_ribbit1
D:6:      layout_basic, uniq_pikel
D:7:      layout_basic, led_xom_imps, hellmonk_bongcloud_opening,
          nrook_mini_backslash
D:8:      layout_basic, gammafunk_ghost_necromancy, uniq_harold
D:9:      layout_loops_corners, nicolae_ru_great_annihilating_truth,
          david_lair_shrubbed, kennysheep_kite_vault
D:10:     layout_loops_ring, mainiacjoe_overflow_alcove_1,
          gammafunk_temple_overflow_forgotten, erik_orc_2
D:11:     layout_loops_ring, hangedman_abyss_or_decor_stagger,
          minmay_door_square, minmay_rotating_lava
D:12:     layout_gridville, uniq_snorg
D:13:     layout_basic
D:14:     layout_basic, grunt_vaults_entry_fortified, minmay_misc_feat_ornament,
          zin_statuary
Temple:   nicolae_temple_elliptical
Lair:1:   layout_layer_cave, infiniplex_staircase_pool
Lair:2:   layout_small_grid, minivault_24, serial_bayou_shore_b, uniq_sonja
Lair:3:   layout_cave_pods, minmay_shoals_entry_beasts,
          minmay_snake_entry_six_corridors, small_statue_intersection,
          uniq_gastronok, uniq_rupert
Orc:1:    gammafunk_beogh_shrine, layout_caves, basic_altar, serial_shops,
          nicolae_diamond_shop
Orc:2:    st_orc_rangers, layout_caves, uniq_josephine

Skill      XL: |  1  2  3  4  5  6  7  8  9 10 11 12 13 |
---------------+----------------------------------------+-----
Axes           | 4 5 |  5.6
Fighting       | 3 4 6 7 9 10 11 | 11.4
Polearms       | 2 5 6 9 11 12 14 15 | 15.5
Dodging        | 5 7 |  7.8
Armour         | 3 6 |  6.0
Throwing       | |  2.0

Action                   |  1- 3 |  4- 6 |  7- 9 | 10-12 | 13-15 || total
-------------------------+-------+-------+-------+-------+-------++-------
Melee: War axe           |    56 |    43 |       |       |       ||    99
       Glaive            |       |    20 |   117 |   457 |   211 ||   805
       Trident           |       |       |       |       |     4 ||     4
 Fire: Hunting sling     |       |       |    11 |    11 |       ||    22
Throw: Throwing net      |     1 |       |       |       |       ||     1
       Dart              |       |       |       |     3 |       ||     3
Invok: Berserk           |     2 |     3 |     7 |    25 |     5 ||    42
       Trog's Hand       |       |       |     4 |    14 |     7 ||    25
Evoke: Phial of floods   |       |       |       |     1 |       ||     1
       Wand              |       |       |       |       |     1 ||     1
  Use: Potion            |     1 |     2 |       |     3 |       ||     6
       Scroll            |       |       |     1 |     7 |     3 ||    11
 Stab: Sleeping          |     1 |     1 |       |       |       ||     2
Armor: Leather armour    |     9 |    12 |    16 |       |       ||    37
       Ring mail         |       |       |       |   173 |    68 ||   241
Dodge: Dodged            |    24 |    49 |    51 |   312 |   145 ||   581

Table legend: (Time is in decaauts)
 A = Elapsed time spent in this place.
 B = Non-inter-level travel time spent in this place.
 C = Inter-level travel time spent in this place.
 D = Time resting spent in this place.
 E = Time spent auto-exploring this place.
 F = Levels seen in this place.
 G = Mean time per level.
                   A        B        C        D        E       F      G
               +--------+--------+--------+--------+--------+-----+--------+
         Total |   7984 |   7356 |    628 |    106 |      0 |  20 |  399.2 |
       Dungeon |   6068 |   5475 |    593 |     57 |      0 |  14 |  433.4 |
        Temple |     49 |     49 |      0 |      0 |      0 |   1 |   49.0 |
          Lair |    697 |    688 |      9 |      0 |      0 |   3 |  232.3 |
  Orcish Mines |   1169 |   1143 |     26 |     48 |      0 |   2 |  584.5 |
               +--------+--------+--------+--------+--------+-----+--------+

Top non-repeatable levels by time:
    D:10: 1042 daAuts
     D:9: 921 daAuts
   Orc:2: 630 daAuts
    D:12: 566 daAuts
   Orc:1: 539 daAuts
     D:7: 491 daAuts
     D:8: 482 daAuts
     D:5: 416 daAuts
     D:3: 402 daAuts
    D:11: 371 daAuts
  Lair:3: 310 daAuts
     D:4: 290 daAuts
    D:14: 280 daAuts
     D:1: 279 daAuts
  Lair:2: 276 daAuts
